 Dungeon Crawl Stone Soup version 0.31-a0-1074-g0b22e4e0f1 (webtiles) character file.

Game seed: 4220041518557418401

1 IdlyInterested the Insei (level 1, -1/16 HPs)
             Began as a Demonspawn Gladiator on Nov 29, 2023.
             Succumbed to a goblin's poison
             ... on level 1 of the Dungeon.
             The game lasted 00:00:57 (112 turns).

IdlyInterested the Insei (Demonspawn Gladiator)      Turns: 112, Time: 00:00:57

Health: -1/16      AC:  4    Str: 14    XL:     1   Next: 16%
Magic:  1/1        EV: 12    Int:  9    God:
Gold:   0          SH:  0    Dex: 14    Spells: 0/0 levels left

rFire   . .          .
                       - Unarmed
rCold   . . .        (no shield)
rNeg    . . .        a - +0 leather armour
rPois   .            b - +0 helmet
rElec   .            (no cloak)
rCorr   .            (no gloves)
SInv    .            (no boots)
Will    .....        (no amulet)
Stlth   +            (no ring)
HPRegen 0.22/turn    (no ring)
MPRegen 0.07/turn

%: no passive effects
@: lethally poisoned (-1 -> -23)
A: no striking features
a: no special abilities


You were on level 1 of the Dungeon.
You visited 1 branch of the dungeon, and saw 1 of its levels.

Inventory:

Missiles
 c - 3 throwing nets (quivered)
Armour
 a - a +0 leather armour (worn)
 b - a +0 helmet (worn)
Potions
 e - 2 potions of haste {unknown}


   Skills:
 - Level 2.0 Fighting
 - Level 1.7 Throwing
 * Level 0.1 Armour
 - Level 2.6 Dodging
 + Level 2.7 Unarmed Combat
 * Level 0.1 Shapeshifting


You couldn't memorise any spells.
You didn't know any spells.
Your spell library was empty.

Dungeon Overview and Level Annotations

Branches:
Dungeon (1/15)

Altars:


Message History

The bat closely misses you. The bat misses you.
Found a stone staircase leading down.
The bat barely misses you. The bat hits you but does no damage.
A goblin comes into view. It is wielding a +2 dagger of venom.
The bat misses you.
You hit the bat but do no damage.
The goblin shouts!
The bat misses you. The bat hits you.
You hit the bat.
The bat is moderately wounded.
The bat misses you. The bat barely misses you. The bat closely misses you.
You closely miss the bat.
The bat is moderately wounded.
The bat closely misses you.
You hit the goblin.
The goblin is heavily wounded.
The bat hits you.
The goblin hits you with a +2 dagger of venom.
You are lethally poisoned!
Unknown command.
Throw: javelin
Press: ? - help, Shift-Dir - straight line, f - goblin
Aim: a goblin, wielding a +2 dagger of venom (heavily wounded, 47% to hit)
You throw a javelin. The javelin pierces through the goblin.
The goblin is severely wounded.
You feel very sick. The bat closely misses you.
The goblin hits you with a +2 dagger of venom.
You are more poisoned.
An endoplasm comes into view.
The goblin hits you with a +2 dagger of venom.
* * * LOW HITPOINT WARNING * * *
You are more poisoned.
The endoplasm quivers.
You hit the goblin.
You kill the goblin!
You die...

##.#########.#
#..........#.####### #
#......###.#.##..... ..
#......# #.#.##.###.
##.##......# #......# #.
...........###.#.######.
#.#.......#............
...#.......#.#.#.#######
(J....)@...#.#.#.#
#####......# #.#.#
...b.....# #.#.#
.......>.......#.#
......#.####.# #.#
...###..# .# #.# ... ..#
# #.# .. #.# #.# #.#


You could see an endoplasm and a bat.

Vanquished Creatures
  2 goblins (D:1)
2 creatures vanquished.

Vanquished Creatures (others)
  A minotaur (D:1)
  A demonspawn (D:1)
  2 octopodes (D:1)
  A vampire (D:1)
  2 spriggans (D:1)
  A human (D:1)
  A demigod (D:1)
  A tengu (D:1)
  2 ogres (D:1)
  A felid (D:1)
  2 mummies (D:1)
  4 tentacles (D:1)
19 creatures vanquished.

Grand Total: 21 creatures vanquished

Notes
Turn   | Place    | Note
-------+----------+-------------------------------------------
     0 | D:1      | IdlyInterested the Demonspawn Gladiator began the quest for
                  | the Orb.
     0 | D:1      | Reached XP level 1. HP: 16/16 MP: 1/1
     2 | D:1      | Noticed a spriggan
     2 | D:1      | Noticed a tengu
     2 | D:1      | Noticed a minotaur
     2 | D:1      | Noticed an octopode
     2 | D:1      | Noticed a demonspawn
     2 | D:1      | Noticed a human
     2 | D:1      | Noticed a kraken
     2 | D:1      | Noticed a demigod
     2 | D:1      | Noticed an ogre
     2 | D:1      | Noticed an octopode
     2 | D:1      | Noticed a vampire
     2 | D:1      | Noticed an ogre
     2 | D:1      | Noticed a felid
     2 | D:1      | Noticed a spriggan
     3 | D:1      | Killed a human
     4 | D:1      | Killed a tengu
     5 | D:1      | Killed an octopode
     6 | D:1      | Killed a spriggan
     8 | D:1      | Killed an octopode
     8 | D:1      | Killed an ogre
     8 | D:1      | Killed a minotaur
    10 | D:1      | Killed a spriggan
    10 | D:1      | Killed a demigod
    11 | D:1      | Killed a demonspawn
    11 | D:1      | Killed a felid
    12 | D:1      | Killed an ogre
    15 | D:1      | Killed a vampire
   112 | D:1      | Succumbed to a goblin's poison

Illustrated notes

Levels and vault maps discovered:
D:1:      nicolae_arrival_kraken_aquarium_b, layout_basic

Action                     || total
---------------------------++-------
  Melee: Unarmed           ||     7
  Throw: Javelin           ||     1
 Armour: Leather armour    ||     6
  Dodge: Dodged            ||    10

Table legend: (Time is in decaauts)
 A = Elapsed time spent in this place.
 B = Non-inter-level travel time spent in this place.
 C = Inter-level travel time spent in this place.
 D = Time resting spent in this place.
 E = Time spent auto-exploring this place.
 F = Levels seen in this place.
 G = Mean time per level.
                   A        B        C        D        E       F      G
               +--------+--------+--------+--------+--------+-----+--------+
         Total |    112 |    112 |      0 |      0 |     86 |   1 |  112.0 |
       Dungeon |    112 |    112 |      0 |      0 |     86 |   1 |  112.0 |
               +--------+--------+--------+--------+--------+-----+--------+

Top non-repeatable levels by time:
     D:1: 112 daAuts
